Map: Romanticide LE

Players

Strange

  • Race: Protoss Protoss

SKillous - Winner!

  • Race: Protoss Protoss

Event: DreamHack SC2 Masters 2021 Winter

VOD

Have the link to the VOD?

Description

Time

  • Played on: Oct. 1, 2021, 11:51 a.m.
  • Length: 9:53

All games in this series

Show
View Real Time Build Order
Export as new Build Order

Strange Protoss 

Build Orders: Phoenix Opening, Blink Stalkers 

Get SALT Encoding   

  12  0:00  Probe  
  13  0:12  Probe  
  14  0:17  Pylon  
  14  0:24  Probe (Chrono Boost)  
  15  0:36  Probe (Chrono Boost)  
  15  0:37  Gateway  
  16  0:44  Probe (Chrono Boost)  
  16  0:46  Assimilator  
  17  0:51  Probe  
  17  0:55  Assimilator  
  18  1:03  Probe (Chrono Boost)  
  19  1:07  Gateway  
  19  1:13  Probe (Chrono Boost)  
  19  1:18  Probe (Chrono Boost)  
  20  1:24  Cybernetics Core  
  21  1:29  Probe  
  22  1:36  Pylon  
  22  1:41  Probe  
  23  1:54  Probe  
  24  2:01  Stalker, Sentry  
  28  2:03  Warp Gate  
  28  2:06  Probe  
  29  2:13  Pylon  
  29  2:18  Probe  
  30  2:29  Pylon  
  30  2:31  Stalker, Sentry  
  30  2:36  Phoenix  
  34  2:50  Nexus  
  34  2:57  Shield Battery  
  34  3:00  Sentry  
  34  3:05  Probe  
  37  3:10  Pylon  
  37  3:17  Probe  
  38  3:25  Twilight Council  
  38  3:33  Forge  
  38  3:36  Probe (Chrono Boost)  
  39  3:46  Probe (Chrono Boost)  
  40  3:51  Probe (Chrono Boost)  
  41  3:56  Blink (Chrono Boost)  
  41  3:57  Stalker  
  44  4:04  Probe (Chrono Boost), Protoss Ground Weapons Level 1 (Chrono Boost)  
  44  4:07  Probe (Chrono Boost)  
  45  4:13  Probe (Chrono Boost)  
  47  4:18  Probe x2 (Chrono Boost)  
  47  4:21  Stalker  
  50  4:29  Probe  
  50  4:30  Probe  
  52  4:33  Robotics Facility  
  52  4:36  Assimilator  
  52  4:39  Pylon  
  52  4:42  Probe  
  52  4:44  Probe  
  54  4:49  Stalker  
  56  4:54  Probe  
  56  4:56  Probe, Pylon  
  58  5:02  Stalker  
  60  5:07  Probe  
  60  5:08  Probe  
  62  5:18  Nexus  
  62  5:23  Observer  
  63  5:29  Stalker x2  
  67  5:40  Gateway  
  67  5:41  Gateway  
  67  5:49  Gateway  
  67  5:50  Gateway  
  67  5:55  Stalker  
  67  5:56  Stalker  
  71  6:02  Pylon  
  71  6:09  Observer  
  63  6:19  Probe x2  
  63  6:23  Warp Prism (Chrono Boost), Stalker x2  
  69  6:32  Probe x3  
  74  6:36  Sentry  
  74  6:37  Sentry  
  77  6:44  Stalker  
  79  6:47  Stalker x3  
  79  6:51  Pylon  
  85  6:58  Pylon  
  85  7:00  Stalker x2  
  89  7:07  Stalker  
  91  7:14  Stalker  
  91  7:16  Stalker x2  
  92  7:24  Zealot x2  
  91  7:37  Stalker  
  79  7:39  Stalker x3  
  83  7:48  Stalker x2  
  83  7:49  Probe x3  
  88  8:01  Probe x3  
  88  8:02  Stalker x2  
  88  8:04  Stalker  
  88  8:05  Zealot  
  85  8:12  Stalker  
  74  8:13  Zealot  
  74  8:15  Probe (Chrono Boost)  
  77  8:20  Probe x2 (Chrono Boost)  
  77  8:26  Probe (Chrono Boost)  
  76  8:30  Probe (Chrono Boost)  
  76  8:31  Immortal (Chrono Boost)  
  77  8:35  Probe (Chrono Boost)  
  77  8:36  Probe (Chrono Boost)  
  83  8:42  Probe (Chrono Boost)  
  83  8:43  Shield Battery  
  83  8:48  Probe (Chrono Boost)  
  85  8:51  Probe (Chrono Boost)  
  85  8:52  Probe (Chrono Boost)  
  85  8:53  Probe (Chrono Boost)  
  88  8:56  Probe (Chrono Boost)  
  88  8:57  Sentry  
  88  9:00  Probe  
  88  9:02  Probe  
  93  9:03  Assimilator  
  93  9:05  Assimilator  
  93  9:06  Pylon  
  93  9:08  Probe  
  94  9:12  Probe  
  94  9:14  Probe  
  96  9:20  Assimilator  
  96  9:22  Robotics Bay, Observer (Chrono Boost)  
  97  9:25  Photon Cannon  
  97  9:27  Probe x3  
  98  9:39  Zealot x2, Probe x2  
  98  9:40  Zealot x2  
  98  9:44  Stalker  
Show
View Real Time Build Order
Export as new Build Order

SKillous Protoss - Winner!

Build Orders:  

Get SALT Encoding   

  12  0:00  Probe  
  13  0:12  Probe  
  14  0:20  Pylon  
  14  0:24  Probe  
  15  0:38  Gateway, Probe (Chrono Boost)  
  16  0:45  Assimilator  
  16  0:48  Probe (Chrono Boost)  
  17  0:53  Probe (Chrono Boost)  
  17  0:56  Assimilator  
  18  1:04  Probe (Chrono Boost)  
  18  1:09  Gateway  
  19  1:13  Probe (Chrono Boost)  
  20  1:18  Probe  
  21  1:28  Cybernetics Core  
  21  1:31  Probe  
  22  1:36  Pylon  
  22  1:43  Probe  
  23  1:55  Probe  
  24  2:05  Stalker, Warp Gate, Sentry  
  24  2:07  Probe  
  29  2:18  Pylon  
  29  2:21  Probe  
  30  2:25  Pylon  
  30  2:36  Stalker  
  33  2:41  Sentry  
  34  2:52  Nexus  
  34  2:55  Probe  
  35  3:04  Shield Battery  
  35  3:06  Sentry  
  35  3:10  Pylon  
  35  3:12  Probe  
  38  3:24  Probe (Chrono Boost)  
  39  3:31  Twilight Council  
  39  3:37  Forge  
  39  3:38  Probe (Chrono Boost)  
  40  3:43  Probe (Chrono Boost)  
  41  3:55  Stalker, Probe (Chrono Boost)  
  44  4:05  Blink (Chrono Boost)  
  44  4:06  Probe x2 (Chrono Boost)  
  46  4:12  Protoss Ground Weapons Level 1 (Chrono Boost)  
  46  4:15  Probe (Chrono Boost)  
  48  4:18  Probe (Chrono Boost)  
  48  4:23  Robotics Facility  
  48  4:26  Probe (Chrono Boost)  
  48  4:30  Probe (Chrono Boost)  
  48  4:31  Probe (Chrono Boost)  
  51  4:41  Probe  
  52  4:45  Nexus  
  52  4:47  Probe  
  52  4:51  Pylon  
  53  4:55  Probe  
  53  4:59  Stalker, Assimilator  
  56  5:04  Stalker  
  56  5:05  Probe  
  59  5:07  Probe  
  59  5:11  Observer, Shield Battery  
  61  5:21  Probe  
  61  5:24  Stalker, Shield Battery  
  61  5:27  Stalker  
  61  5:28  Probe  
  67  5:32  Gateway  
  67  5:36  Gateway  
  67  5:38  Observer  
  68  5:43  Probe  
  68  5:47  Probe  
  70  5:52  Pylon  
  70  5:57  Probe  
  70  5:58  Gateway  
  70  6:00  Gateway  
  71  6:08  Stalker x2  
  73  6:13  Immortal, Probe  
  73  6:17  Protoss Ground Weapons Level 2 (Chrono Boost)  
  76  6:21  Probe x2  
  76  6:24  Shield Battery  
  79  6:25  Probe  
  79  6:33  Probe x2  
  79  6:35  Adept  
  79  6:36  Adept  
  79  6:39  Probe (Chrono Boost), Pylon  
  86  6:42  Charge  
  86  6:45  Probe x2 (Chrono Boost)  
  88  6:51  Gateway  
  88  6:54  Gateway, Probe (Chrono Boost)  
  90  6:55  Probe (Chrono Boost)  
  90  6:56  Pylon  
  90  6:59  Assimilator  
  91  7:02  Assimilator, Probe  
  91  7:04  Stalker  
  91  7:06  Stalker  
  95  7:12  Stalker x2  
  99  7:16  Pylon  
  99  7:20  Stalker x2  
  103  7:25  Pylon  
  103  7:27  Pylon  
  99  7:34  Stalker x2  
  99  7:38  Probe  
  99  7:39  Shield Battery  
  99  7:40  Shield Battery  
  99  7:46  Stalker x4  
  102  7:55  Gateway  
  99  8:00  Zealot x3  
  101  8:08  Zealot  
  95  8:13  Stalker x3  
  95  8:14  Stalker  
  103  8:23  Warp Prism, Observer  
  105  8:29  Stalker x3  
  109  8:34  Pylon  
  109  8:38  Sentry  
  109  8:39  Sentry  
  109  8:40  Probe  
  112  8:42  Assimilator  
  112  8:50  Assimilator  
  112  8:51  Nexus  
  112  8:52  Observer  
  112  8:53  Pylon  
  112  8:55  Probe  
  113  9:05  Templar Archives  
  113  9:06  Gateway  
  113  9:11  Stalker, Pylon  
  113  9:15  Zealot x2  
  119  9:17  Probe x2  
  121  9:25  Zealot x2  
  121  9:26  Zealot  
  127  9:32  Zealot x2  
  127  9:34  Zealot  
  131  9:41  Zealot x3  
  124  9:48  Zealot x2  

Tags
 
Add a new tag
Caveats
  • Supply blocks, unpowered buildings, or Contaminate may cause inaccurate times.
  • Supply counts are checked every 10 seconds.